 Dungeon Crawl Stone Soup version 0.27-a0-1299-g1ab19c6527 (webtiles) character file.

Game seed: 8766495334076369094

404 lunkers the Gusty (level 6, 0/32 HPs)
             Began as a Tengu Air Elementalist on June 16, 2021.
             Slain by Pikel (6 damage)
             ... on level 3 of the Dungeon.
             The game lasted 00:10:40 (4592 turns).

lunkers the Gusty (Tengu Air Elementalist)          Turns: 4592, Time: 00:10:41

Health: 0/32       AC:  3    Str:  8    XL:     6   Next: 86%
Magic:  11/12      EV: 19    Int: 18    God:
Gold:   136        SH:  0    Dex: 20    Spells: 1/11 levels left

rFire    . . .     SeeInvis .   o - +1 whip (drain)
rCold    . . .     Faith    .   (no shield)
rNeg     . . .     Spirit   .   a - +0 robe
rPois    .         Reflect  .   (helmet restricted)
rElec    .         Harm     .   i - +0 cloak
rCorr    .         Rampage  .   (no gloves)
Will     .....                  (boots unavailable)
Stlth    ++........             (no amulet)
HPRegen  0.10/turn              d - +4 ring of evasion
MPRegen  0.13/turn              l - +6 ring of dexterity

@: flying quickly and evasively, quick
A: beak, talons 3, nimble flight
a: no special abilities


You were on level 3 of the Dungeon.
You visited 1 branch of the dungeon, and saw 6 of its levels.

You collected 136 gold pieces.

Inventory:

Hand Weapons
 j - a +0 dagger
 o - a +1 whip of draining (weapon)
Armour
 a - a +0 robe (worn)
 i - a +0 cloak (worn)
 s - a +3 leather armour of cold resistance
Jewellery
 d - a +4 ring of evasion (left hand)
 e - a ring of resist corrosion
 k - a ring of see invisible
 l - a +6 ring of dexterity (right hand)
 u - a ring of protection from fire
Scrolls
 c - a scroll of summoning {unknown}
 g - 2 scrolls of vulnerability {unknown}
 h - a scroll of fog {unknown}
 m - a scroll of acquirement {unknown}
 t - 2 scrolls of teleportation {unknown}
Potions
 b - a potion of ambrosia {unknown}
 f - a potion of degeneration {unknown}
 n - a potion of cancellation {unknown}
 p - a potion of curing {unknown}
 q - a potion of magic {unknown}
 r - a potion of attraction {unknown}


   Skills:
 - Level 2.1 Dodging
 - Level 2.0 Stealth
 + Level 3.3 Spellcasting
 * Level 5.7 Conjurations
 * Level 6.9 Air Magic


You had one spell level left.
You knew the following spells:

 Your Spells              Type           Power      Damage    Failure   Level
a - Shock                 Conj/Air       100%       1d9       1%          1
b - Static Discharge      Conj/Air       25%        N/A       1%          2
c - Swiftness             Air            28%        N/A       2%          3
d - Airstrike             Air            14%        N/A       9%          4

Your spell library contained the following spells:

 Spells                   Type           Power      Damage    Failure   Level
 Lightning Bolt           Conj/Air       12%        1d26      32%         5
 Confusing Touch          Hex            3%         N/A       43%         3
 Gell's Gravitas          Tloc           1%         N/A       43%         3
 Petrify                  Tmut/Erth      3%         N/A       83%         4
 Metabolic Englaciation   Hex/Ice        1%         N/A       99%         5
 Yara's Violent Unravell  Hex/Tmut       1%         3d3       99%         5


Dungeon Overview and Level Annotations

Branches:
Dungeon (6/15)
 Temple: D:4-7

Altars:
Dithmenos
Hepliaklqana
Beogh

Annotations:
D:3 Pikel


Innate Abilities, Weirdness & Mutations

You have a beak for a mouth.
You have claws for feet.
Your magical nature lets you fly swiftly and evasively.


Message History

You start resting.
HP restored.
You fly downwards.
Level annotation: Pikel A ball python comes into view.
The lemure hits you. The lemure completely misses you. x2
The lemure hits you.
There is a stone staircase leading up here.
Unknown command.
The lemure barely misses you. The lemure hits you. Pikel barely misses you.
The lemure barely misses you.
You fly upwards.
There is a stone staircase leading down here.
Unknown command.
Pikel barely misses you. Pikel closely misses you.
Casting: Static Discharge (safe; 1% risk of failure)
Confirm with . or Enter, or press ? or * to list all spells.
Pikel is struck by an arc of lightning.
Pikel is lightly wounded.
You are struck by an arc of lightning.
* * * LOW HITPOINT WARNING * * *
The lightning grounds out.
The lemure is struck by an arc of lightning.
The lemure is lightly wounded.
The lemure is struck by an arc of lightning.
The lemure is lightly wounded.
The lightning grounds out.
The lemure is struck by an arc of lightning.
The lemure is moderately wounded.
The lemure is struck by an arc of lightning.
The lemure is moderately wounded.
The lightning grounds out.
The lemure misses you. The lemure completely misses you.
Pikel hits you with a +1 whip of electrocution.
* * * LOW HITPOINT WARNING * * *
You are electrocuted!
* * * LOW HITPOINT WARNING * * *
Pikel hits you with a +1 whip of electrocution.
You die...

#..............'.......#
#............###........
####....>....'..........
#.###.5...#.#.#####..
#)#..#.#..#.#.# #..
#.#5...#..#.#.#####..
#.#5##.#..#.#....##..
#.#..K.#..#.####.##..
#.#.@#.####.####.##.#
#.#....#_##.#....##.#
#.#.####'####.#.....#
##.#.##.....##.#.#####
#..###.......##......#
#...#.........##....##
#......)......#..##.#
#.......#≈#...#####.##
##⌠.....≈_≈...'÷###..#


You could see Pikel and 2 lemures.

Vanquished Creatures
  Eustachio (D:4)
  A lemure (D:3)
  An orc priest (D:3)
  A hound (D:4)
  A hound skeleton (D:3)
  9 adders
  An adder zombie (D:5)
  2 worms
  4 dart slugs
  11 orcs
  4 ball pythons
  A bat (D:3)
  10 endoplasms
  2 giant cockroaches (D:2)
  9 goblins
  5 hobgoblins
  4 jackals (D:4)
  3 quokkas
  6 frilled lizards
  7 kobolds
  7 rats
90 creatures vanquished.

Notes
Turn   | Place    | Note
-------+----------+-------------------------------------------
     0 | D:1      | lunkers the Tengu Air Elementalist began the quest for the
                  | Orb.
     0 | D:1      | Reached XP level 1. HP: 10/10 MP: 4/4
   267 | D:1      | Reached XP level 2. HP: 15/15 MP: 3/6
   850 | D:1      | Reached XP level 3. HP: 18/19 MP: 0/7
  1242 | D:2      | Learned a level 2 spell: Static Discharge
  1246 | D:2      | Learned a level 3 spell: Swiftness
  1435 | D:2      | Found a shadowy altar of Dithmenos.
  1475 | D:2      | Reached skill level 5 in Air Magic
  1729 | D:2      | Reached XP level 4. HP: 10/24 MP: 0/8
  2635 | D:3      | Gained mutation: Your magical nature lets you fly swiftly
                  | and evasively. [Tengu growth]
  2635 | D:3      | Reached XP level 5. HP: 28/28 MP: 6/10
  2667 | D:3      | Found a faded altar of an unknown god.
  2866 | D:3      | Found a hazy altar of Hepliaklqana.
  3156 | D:3      | You are sucked into a shaft and drop 3 floors!
  3157 | D:6      | Noticed a sky beast
  3179 | D:5      | Entered Level 5 of the Dungeon
  3406 | D:4      | Noticed Eustachio
  3429 | D:4      | Killed Eustachio
  3430 | D:4      | Reached skill level 5 in Conjurations
  3430 | D:4      | Reached skill level 6 in Air Magic
  3430 | D:4      | Reached XP level 6. HP: 10/32 MP: 0/11
  3883 | D:4      | Learned a level 4 spell: Airstrike
  4502 | D:4      | Noticed Pikel
  4592 | D:3      | Slain by Pikel

Illustrated notes

Levels and vault maps discovered:
D:1:      matt_arrival_grand_opening, layout_basic,
          minmay_misc_feat_four_crosses
D:2:      layout_rooms, basic_altar, kennysheep_decorative_pillar,
          hangedman_decor_push, minmay_three_crescents
D:3:      layout_basic, nicolae_overflow_crystal_walls,
          hellmonk_ecumenical_altar_defaced_shrine
D:4:      layout_basic, minmay_temple_entry_fiery, uniq_pikel, uniq_eustachio,
          uniq_crazy_yiuf_cottage
D:5:      layout_gridville
D:6:      layout_cave_pools, overflow_temple_1_default, grunt_ministairs_14

Skill      XL: |  1  2  3  4  5 |
---------------+----------------+-----
Conjurations   | 2 3 4 5 |  5.7
Air Magic      | 5 6 |  6.9
Spellcasting   | 3 |  3.3
Dodging        | |  2.1
Stealth        | |  2.0

Action                   |  1- 3 |  4- 6 || total
-------------------------+-------+-------++-------
Melee: Unarmed           |     3 |       ||     3
       Peck              |     1 |     6 ||     7
       Dagger            |       |     2 ||     2
       Kick              |       |     9 ||     9
       Whip              |       |    24 ||    24
 Cast: Shock             |    70 |    86 ||   156
       Static Discharge  |     5 |    14 ||    19
Armor: Robe              |     3 |     5 ||     8
Dodge: Dodged            |    17 |    55 ||    72

Table legend: (Time is in decaauts)
 A = Elapsed time spent in this place.
 B = Non-inter-level travel time spent in this place.
 C = Inter-level travel time spent in this place.
 D = Time resting spent in this place.
 E = Time spent auto-exploring this place.
 F = Levels seen in this place.
 G = Mean time per level.
                   A        B        C        D        E       F      G
               +--------+--------+--------+--------+--------+-----+--------+
         Total |   4489 |   4396 |     93 |    314 |   3422 |   6 |  748.2 |
       Dungeon |   4489 |   4396 |     93 |    314 |   3422 |   6 |  748.2 |
               +--------+--------+--------+--------+--------+-----+--------+

Top non-repeatable levels by time:
     D:3: 1235 daAuts
     D:2: 1225 daAuts
     D:1: 1200 daAuts
     D:4: 673 daAuts
     D:5: 132 daAuts
     D:6: 21 daAuts
